 Dungeon Crawl Stone Soup version 0.13-a0-2527-g93fcdc4 (webtiles) character file.

7729 Rycklaryybbe the Geomancer (level 11, -1/60 HPs)
             Began as a Gargoyle Earth Elementalist on July 24, 2013.
             Was a Priest of Vehumet.
             Incinerated by Kae's ghost (7 damage)
             ... with a sticky flame
             ... on Level 10 of the Dungeon on July 25, 2013.
             The game lasted 01:17:02 (12390 turns).

Rycklaryybbe the Geomancer (GrEE)                  Turns: 12390, Time: 01:17:02

HP  -1/60        AC 28     Str 16      XL: 11   Next: 11%
MP  32/35        EV 11     Int 22      God: Vehumet [***...]
Gold 537         SH  0     Dex 10      Spells:  6 memorised,  8 levels left

Res.Fire  : . . .   See Invis. : .   b - 93 stones
Res.Cold  : . . .   Warding    : .   N - +1 leather armour of Birdsong {Str+4 Int+3 Life Prot.: + . . Conserve : . (no shield)
Res.Poison: +       Res.Corr.  : .   Q - +2 helmet
Res.Elec. : +       Clarity    : .   z - +0 cloak
Sust.Abil.: . .     Spirit.Shd : .   s - +1 pair of gloves
Res.Mut.  : .       Stasis     : +   P - +1 pair of dwarf boots
Res.Rott. : +       Flight     : +   q - amulet of stasis
Saprovore : . . .                    E - ring of protection from magic
                                     T - ring of magical power

@: liquid flames, stone skin, flying, glowing, quite resistant to hostile
enchantments, very unstealthy
A: fangs 1, talons 2, life protection 1, electricity resistance, slow metabolism
1, unbreathing, petrification resistance, AC +10
a: Renounce Religion


You were on level 10 of the Dungeon.
You worshipped Vehumet.
Vehumet was greatly pleased with you.
You were not hungry.

You visited 2 branches of the dungeon, and saw 12 of its levels.

You collected 517 gold pieces.

Inventory:

Hand weapons
 a - a +2,+0 long sword of protection
 g - a cursed -1 blowgun
 v - a -2,-2 orcish halberd
 D - a +3,+1 elven sabre of draining
Missiles
 b - 93 stones (in hand)
 h - 7 curare-tipped needles
 i - 8 poisoned needles
 k - a throwing net
 B - 4 javelins
Armour
 s - a +1 pair of gloves (worn)
 z - a +0 cloak (worn)
 M - a +3 orcish leather armour of poison resistance
 N - the +1 leather armour of Birdsong (worn) {Str+4 Int+3}
   (You found it on level 9 of the Dungeon)

   It affects your strength (+4).
   It affects your intelligence (+3).
 P - a +1 pair of dwarven boots (worn)
 Q - a +2 helmet (worn)
Magical devices
 n - a wand of digging (13)
 w - a wand of polymorph (8) {unknown}
 H - a wand of cold (6)
 Y - a wand of slowing (10) {unknown}
Comestibles
 f - 4 meat rations
 x - 8 bread rations
 A - a pear
 V - a sausage
 Z - 2 chunks of hound flesh
Scrolls
 e - 3 scrolls of identify
 p - a scroll of magic mapping
 y - 2 scrolls of remove curse
 L - a scroll of teleportation
Jewellery
 m - a +1 ring of dexterity
 o - a +2 ring of dexterity
 q - an amulet of stasis (around neck)
 t - an uncursed ring of flight
 E - a ring of protection from magic (right hand)
 F - an uncursed ring of ice
 S - an uncursed ring of teleport control
 T - a ring of magical power (left hand)
Potions
 d - a potion of might
 u - 2 potions of speed
 G - a potion of berserk rage
 O - a potion of cure mutation
 U - a potion of invisibility
 W - 3 potions of brilliance
Books
 X - a book of Power

   Spells                             Type                      Level
   Iskenderun's Mystic Blast          Conjuration                  4
   Venom Bolt                         Conjuration/Poison           5
   Bolt of Magma                      Conjuration/Fire/Earth       5
   Fulminant Prism                    Conjuration/Hexes            5
   Iron Shot                          Conjuration/Earth            6
   Orb of Destruction                 Conjuration                  7
Magical staves
 j - an uncursed staff of air
Rods
 c - a +2 rod of fiery destruction (11/11)
   (You took it off an orc priest on level 7 of the Dungeon)


   Skills:
 + Level 5.5 Fighting
   Level 0.1 Axes
 - Level 4.1 Armour
 - Level 1.5 Dodging
 - Level 2.1 Stealth
 - Level 8.0 Spellcasting
 - Level 6.0 Conjurations
 - Level 4.0 Transmutations
 + Level 13.5 Earth Magic


You had 8 spell levels left.
You knew the following spells:

 Your Spells              Type           Power        Failure   Level  Hunger
a - Sandblast             Erth           ######       1%          1    None
b - Stoneskin             Trmt/Erth      #####.....   1%          2    None
c - Lee's Rapid Deconstr  Erth           ######....   1%          5    ####...
d - Stone Arrow           Conj/Erth      ######       1%          3    None
e - Passwall              Trmt/Erth      #####.....   1%          3    None
f - Petrify               Trmt/Erth      #####...     1%          4    ###....


Dungeon Overview and Level Annotations

Branches:
Dungeon (11/27)            Temple (1/1) D:6
    Orc: D:6-11        Lair: D:8-13

Altars:
Ashenzari
Cheibriados
Elyvilon
Fedhas
Kikubaaqudgha
Makhleb
Nemelex Xobeh
Okawaru
Sif Muna
Trog
Vehumet
Xom
Yredelemnul
Zin
the Shining One
Jiyva

Shops:
D:5: [


Innate Abilities, Weirdness & Mutations

You are resistant to torment.
You are immune to poison.
Your stone body is very resilient (AC +10).
You have very sharp teeth.
You have razor-sharp toenails.
You resist negative energy.
You are resistant to electric shocks.
You have a slow metabolism.
You can survive without breathing.
You are immune to petrification.


Message History

Press: ? - help, Shift-Dir - straight line, f/p - Kae's ghost
Aim: Kae's ghost (severely damaged)
The rocky blast hits Kae's ghost.
Kae's ghost is severely damaged.
You are covered in liquid flames!
One of your 3 scrolls of remove curse catches fire!
Kae's ghost points at you and mumbles some strange words.
The fireball explodes!
The fireball engulfs you!
One of your 2 scrolls of magic mapping catches fire!
Your scroll of enchant weapon I catches fire!
* * * LOW HITPOINT WARNING * * *
The fireball engulfs Kae's ghost.
Kae's ghost is destroyed!
Drink which item? (? for menu, Esc to quit)
You feel very buoyant.
You fly up into the air.
It was a potion of flight.
You are covered in liquid flames!
One of your 4 scrolls of identify catches fire!
Your scroll of amnesia catches fire!
You die...

####### ......#
#####.#
######################
#.#
#.....................
#.#
#.###############.....
#.######.##### #.###.
#.##..<.....># #.# #.
# #.##.###.###@#######
#.# #. # #.##.# #.#
#.......# #.# #. #
#.##.# #.# #######.#
#.# #. #####..#.###.#
#.# #.# #.
.............# #.# #.#
## ###.##.####### #.#
#.# # #.##.# #.#
#.#### ###.##.# #.#
#..... ....##.# #.#
######


There were no monsters in sight!

Vanquished Creatures
  A hydra zombie (D:10)
  Grinder (D:3)
  3 trolls
  A wyvern (D:10)
  A hungry ghost (D:8)
  A hippogriff (D:10)
  2 manticores
  Menkaure (D:6)
  4 sky beasts
  2 orc warriors
  A black bear (D:10)
  6 ugly things (D:10)
  3 ice beasts
  A phantom (D:9)
  7 centaurs
  An ogre (D:8)
  Duvessa (D:7)
  4 giant frogs
  A big kobold (D:10)
  4 wights (D:6)
  A hippogriff skeleton (D:10)
  5 hounds
  Dowan (D:7)
  A centaur skeleton (D:8)
  5 orc priests
  10 crimson imps
  13 orc wizards
  A water moccasin skeleton (D:8)
  3 iguanas
  4 scorpions
  7 worker ants
  6 jellies
  An ogre zombie (D:6)
  2 big kobold skeletons
  8 adders
  4 gnolls (D:5)
  A goliath beetle (D:7)
  A giant mite (D:5)
  2 worms
  An adder skeleton (D:4)
  3 giant eyeballs
  9 giant geckos
  An ooze (D:2)
  35 orcs
  A bat skeleton (D:8)
  5 giant cockroaches
  17 goblins
  22 hobgoblins
  11 jackals
  16 kobolds
  4 quokkas
  2 ball pythons
  26 bats
  A giant gecko skeleton (D:4)
  6 giant newts
  A hobgoblin zombie (D:6)
  A kobold skeleton (D:6)
  An orc zombie (D:8)
  7 rats
  A rat zombie (D:6)
  A ballistomycete (D:8)
294 creatures vanquished.

Vanquished Creatures (others)
  The ghost of Kae the Arsonist, a powerful TeFE of Vehumet (D:10)
  2 giant spores (D:8)
  2 kobolds (D:10)
5 creatures vanquished.

Grand Total: 299 creatures vanquished

Notes
Turn   | Place    | Note
--------------------------------------------------------------
     0 | D:1      | Rycklaryybbe, the Gargoyle Earth Elementalist, began the quest for the Orb.
     0 | D:1      | Reached XP level 1. HP: 10/10 MP: 3/3
   326 | D:1      | Reached XP level 2. HP: 13/15 MP: 4/4
   500 | D:1      | Learned a level 2 spell: Stoneskin
   860 | D:2      | Reached skill level 5 in Earth Magic
   860 | D:2      | Reached XP level 3. HP: 19/19 MP: 4/6
  1688 | D:2      | Reached XP level 4. HP: 22/24 MP: 7/7
  1727 | D:2      | Reached skill level 6 in Earth Magic
  2218 | D:3      | Reached XP level 5. HP: 24/28 MP: 8/8
  2280 | D:3      | Reached skill level 7 in Earth Magic
  2346 | D:3      | Noticed Grinder
  2447 | D:3      | Killed Grinder
  2447 | D:3      | Reached skill level 9 in Earth Magic
  2447 | D:3      | Reached XP level 6. HP: 27/32 MP: 3/10
  2689 | D:4      | Found a white marble altar of Elyvilon.
  2879 | D:4      | Reached XP level 7. HP: 11/36 MP: 5/11
  3103 | D:4      | Found a glowing silver altar of Zin.
  3137 | D:4      | Reached skill level 10 in Earth Magic
  4114 | D:5      | Entered Level 5 of the Dungeon
  4155 | D:5      | Reached skill level 11 in Earth Magic
  4273 | D:5      | Reached XP level 8. HP: 39/41 MP: 11/13
  4474 | D:5      | Found a basalt altar of Yredelemnul.
  4501 | D:5      | Reached skill level 12 in Earth Magic
  4510 | D:5      | Learned a level 5 spell: Lee's Rapid Deconstruction
  4593 | D:5      | Found a white marble altar of Elyvilon.
  5082 | D:5      | Found Pneopsyen's Armour Shop.
  5472 | D:6      | Learned a level 3 spell: Stone Arrow
  5476 | D:6      | Learned a level 3 spell: Passwall
  5513 | D:6      | Found a staircase to the Ecumenical Temple.
  5523 | Temple   | Entered the Ecumenical Temple
  5737 | Temple   | Became a worshipper of Vehumet
  5786 | D:6      | Reached skill level 13 in Earth Magic
  6230 | D:6      | Reached skill level 1 in Fighting
  6230 | D:6      | Reached skill level 1 in Armour
  6230 | D:6      | Reached XP level 9. HP: 44/46 MP: 12/19
  6347 | D:6      | Acquired Vehumet's first power
  6347 | D:6      | Offered knowledge of Magic Dart by Vehumet.
  6591 | D:6      | Noticed Menkaure
  6597 | D:6      | Killed Menkaure
  6604 | D:6      | Found an iron altar of Okawaru.
  7033 | D:7      | Noticed Duvessa
  7033 | D:7      | Noticed Dowan
  7049 | D:7      | Killed Duvessa
  7076 | D:7      | Killed Dowan
  8207 | D:7      | Reached skill level 5 in Spellcasting
  8494 | D:8      | Reached skill level 5 in Fighting
  8505 | D:7      | Upgraded the game from 0.13-a0-2519-g3c5fe84 to 0.13-a0-2527-g93fcdc4
  8511 | D:7      | Learned a level 4 spell: Petrify
  8553 | D:7      | Reached skill level 1 in Conjurations
  9046 | D:8      | Offered knowledge of Sting by Vehumet.
  9110 | D:8      | Found a viscous altar of Jiyva.
  9112 | D:8      | Reached skill level 1 in Transmutations
  9188 | D:8      | Reached XP level 10. HP: 19/55 MP: 22/22
  9931 | D:8      | Identified a +2 rod of fiery destruction (11/11) (You took it off an orc priest on level 7 of the Dungeon)
 10228 | D:9      | Got a bronze leather armour
 10229 | D:9      | Identified the +1 leather armour of Birdsong {Str+4 Int+3} (You found it on level 9 of the Dungeon)
 10700 | D:10     | Entered Level 10 of the Dungeon
 11287 | D:10     | Offered knowledge of Inner Flame by Vehumet.
 11346 | D:10     | Reached skill level 5 in Conjurations
 11529 | D:10     | Acquired Vehumet's second power
 11976 | D:10     | Reached XP level 11. HP: 52/59 MP: 26/26
 12373 | D:10     | Noticed Kae's ghost (powerful TeFE)
 12389 | D:10     | Killed Kae's ghost
 12390 | D:10     | Incinerated by Kae's ghost

Action                   |  1- 3 |  4- 6 |  7- 9 | 10-12 || total
-------------------------+-------+-------+-------+-------++-------
Melee: Hand axe          |   141 |       |       |       ||   141
       Unarmed           |     4 |       |       |       ||     4
       Sabre             |     5 |   105 |   106 |   164 ||   380
       Long sword        |       |    31 |   264 |   103 ||   398
       Short sword       |       |    18 |       |       ||    18
       Quarterstaff      |       |       |   126 |       ||   126
       Falchion          |       |       |    18 |       ||    18
       Halberd           |       |       |    19 |       ||    19
       Scimitar          |       |       |    16 |       ||    16
 Fire: Bow               |       |       |     5 |    10 ||    15
Throw: Stone             |       |       |     2 |       ||     2
 Cast: Sandblast         |     9 |    18 |   130 |    65 ||   222
       Stoneskin         |     2 |     5 |    30 |    13 ||    50
       Lee's Rapid Decon |       |       |     6 |     1 ||     7
       Stone Arrow       |       |       |    20 |    20 ||    40
Evoke: Wand              |       |       |       |     1 ||     1
  Use: Scroll            |     6 |     2 |     4 |     7 ||    19
       Potion            |     1 |     1 |     5 |     4 ||    11
 Stab: Sleeping          |     1 |       |     3 |       ||     4
       Distracted        |       |       |     2 |       ||     2
